 Dungeon Crawl Stone Soup version 0.24.0-123-gd5b16e6ec5 (webtiles) character file.

Game seed: 4032913684451013820, levelgen mode: deterministic

6181 Ereth the Grappler (level 10, -1/92 HPs)
             Began as a Troll Fighter on Jan 27, 2020.
             Was a Believer of Okawaru.
             Slain by a hippogriff (10 damage)
             ... on level 9 of the Dungeon.
             The game lasted 00:21:20 (7270 turns).

Ereth the Grappler (Troll Fighter)                  Turns: 7270, Time: 00:21:20

Health: -1/92      AC:  8    Str: 28    XL:     10   Next: 60%
Magic:  7/9        EV: 13    Int:  4    God:    Okawaru [**....]
Gold:   529        SH: 20    Dex: 10    Spells: 9/9 levels left

rFire    + . .     SeeInvis .     - Unarmed
rCold    . . .     Gourm    +   o - +0 large shield
rNeg     . . .     Faith    .   E - +2 robe {rF+}
rPois    .         Spirit   .   (helmet restricted)
rElec    .         Reflect  .   (no cloak)
rCorr    +         Harm     .   (gloves unavailable)
MR       .....                  (boots unavailable)
Stlth    +++.......             (no amulet)
HPRegen  0.65/turn              i - ring of wizardry
MPRegen  0.11/turn              p - ring of resist corrosion

@: heroism
A: large, unfitting armour, claws 3, fast metabolism 3, gourmand, regeneration
1, shaggy fur 1, tough skin 3
a: Heroism, Renounce Religion


You were on level 9 of the Dungeon.
You worshipped Okawaru.
Okawaru was pleased with you.
You were completely stuffed.

You visited 2 branches of the dungeon, and saw 11 of its levels.

You collected 793 gold pieces.
You spent 264 gold pieces at shops.

Inventory:

Missiles
 y - 4 boomerangs (quivered)
 F - 4 javelins
Armour
 a - a +0 robe
 b - a +1 shield
 o - a +0 large shield (worn)
 E - a +2 robe of fire resistance (worn)
Jewellery
 i - a ring of wizardry (left claw)
 p - a ring of resist corrosion (right claw)
Wands
 f - a wand of enslavement (11)
 j - a wand of paralysis (9)
 m - a wand of polymorph (8)
 x - a wand of disintegration (12)
 D - a wand of digging (3)
 M - a wand of iceblast (12)
Scrolls
 k - a scroll of fear
 l - 3 scrolls of identify
 n - 3 scrolls of remove curse
 q - 2 scrolls of fog
 t - 2 scrolls of enchant weapon
 B - 2 scrolls of enchant armour
 G - 6 scrolls of teleportation
 I - a scroll of amnesia
 J - a scroll of magic mapping
 L - a scroll of immolation {unknown}
Potions
 c - a potion of might
 e - a potion of heal wounds
 g - a potion of haste
 h - a potion of flight
 r - 2 potions of curing
 s - a potion of mutation
 u - 2 potions of berserk rage
 v - a potion of invisibility
 w - a potion of resistance
 z - 2 potions of lignification {unknown}
 A - 2 potions of brilliance {unknown}
 C - a potion of agility
 K - a potion of ambrosia {unknown}
Comestibles
 d - 23 rations
 H - 4 chunks of flesh


   Skills:
 + Level 4.0(9.0) Fighting
 + Level 2.8(7.8) Throwing
 + Level 5.8(10.8) Dodging
 + Level 1.6(6.6) Stealth
 + Level 7.8(12.8) Shields
 + Level 10.3(15.3) Unarmed Combat
 + Level 0.9 Invocations


You had 9 spell levels left.
You didn't know any spells.
Your spell library contained the following spells:

 Spells                   Type           Power        Failure   Level  Hunger
 Magic Dart               Conj           #...         32%         1    ##.....
 Searing Ray              Conj           #.....       45%         2    ###....
 Dazzling Spray           Conj/Hex       #.....       69%         3    ####...
 Force Lance              Conj/Tloc      #.......     96%         4    #####..
 Fulminant Prism          Conj/Hex       #.........   96%         4    #####..
 Iskenderun's Mystic Bla  Conj           #.......     96%         4    #####..


Dungeon Overview and Level Annotations

Branches:
Dungeon (10/15)            Temple (1/1) D:7             Orc (0/2) D:9
   Lair: D:8-11

Altars:
Ashenzari
Cheibriados
Dithmenos
Elyvilon
Fedhas
Gozag
Hepliaklqana
Kikubaaqudgha
Makhleb
Nemelex Xobeh
Okawaru
Qazlal
Ru
Sif Muna
Trog
Uskayaw
Vehumet
Wu Jian
Xom
Yredelemnul
Zin
The Shining One

Shops:
D:6 ?   D:9 *


Innate Abilities, Weirdness & Mutations

You are too large for most types of armour.
You have claws for hands.
Your metabolism is lightning-fast.
You like to eat raw meat.
Your natural rate of healing is unusually fast.
You are covered in fur. (AC +1)
You have extremely tough skin. (AC +3)


Message History

You climb upwards.
There is a stone staircase leading down here.
You gain the combat prowess of a mighty hero.
You block the yak's attack. You block the hippogriff's attack.
The hippogriff closely misses you. You block the hippogriff's attack.
You eviscerate the hippogriff!!!
The hippogriff is almost dead.
You block the two-headed ogre's attack.
The two-headed ogre hits you with a +0 giant spiked club!!
You scratch the hippogriff.
The hippogriff is almost dead.
The yak gores you!
* * * LOW HITPOINT WARNING * * *
The hippogriff bites you.
* * * LOW HITPOINT WARNING * * *
The hippogriff barely misses you. The hippogriff claws you.
* * * LOW HITPOINT WARNING * * *
You open the door.
You block the two-headed ogre's attack. x2
You block the yak's attack. The hippogriff bites you!
You die...

....................########
...............)....##.....#
.........###'####....#.....#
..##.....##....##....#.....#
..##.....##..........'.....#
..#.......#....##.).##.....#
..#.......#....##...##.....#
..#.......#....#.Y......)..#
#.####...##....'@O.......<.#
#.####...##....#.H.........#
....#....##...###...##.....#
....#....##...###...##.....#
....#.....#..........#.....#
....#.....#..........#.....#
....#.....+..∩.......#.....#
....#.....#..........#.....#
#..####.÷.....#..#..#......#


You could see a two-headed ogre, a hippogriff and a yak.

Vanquished Creatures
  A two-headed ogre (D:9)
  A troll (D:9)
  A hornet (D:8)
  A slime creature (D:8)
  5 yaks
  2 vampire mosquitoes (D:7)
  3 orc warriors
  4 ice beasts
  A sky beast (D:7)
  A black bear (D:8)
  A necrophage (D:9)
  A phantom (D:8)
  An eye of draining (D:8)
  5 ogres
  3 centaurs
  5 bullfrogs
  A gnoll sergeant (D:9)
  A scorpion (D:4)
  A wyvern skeleton (D:8)
  A water moccasin skeleton (D:7)
  4 killer bees (D:8)
  2 howler monkeys (D:8)
  4 crimson imps
  3 hounds
  A quasit (D:7)
  2 bullfrog zombies
  2 centaur skeletons
  4 orc priests
  A bullfrog skeleton (D:5)
  2 gnoll shamans
  4 orc wizards
  3 iguanas
  7 worker ants
  A hound skeleton (D:7)
  2 worker ant zombies
  7 adders
  20 gnolls
  2 shadow imps
  An ooze (D:4)
  An adder skeleton (D:5)
  5 worms
  A dart slug (D:2)
  7 leopard geckos
  36 orcs
  6 bats
  5 giant cockroaches
  4 goblins
  11 hobgoblins
  10 jackals
  7 kobolds
  5 quokkas
  4 frilled lizards
  A quokka skeleton (D:9)
  5 rats
220 creatures vanquished.

Vanquished Creatures (others)
  An orc wizard (D:5)
1 creature vanquished.

Grand Total: 221 creatures vanquished

Notes
Turn   | Place    | Note
-------+----------+-------------------------------------------
     0 | D:1      | Ereth the Troll Fighter began the quest for the Orb.
     0 | D:1      | Reached XP level 1. HP: 22/22 MP: 0/0
   108 | D:1      | Reached XP level 2. HP: 29/29 MP: 1/1
   402 | D:1      | Reached XP level 3. HP: 29/36 MP: 2/2
  1317 | D:3      | Found a bloodstained altar of Trog.
  1356 | D:3      | Reached XP level 4. HP: 44/44 MP: 3/3
  1371 | D:3      | Reached skill level 3 in Unarmed Combat
  1587 | D:3      | Found a basalt altar of Yredelemnul.
  1602 | D:3      | Found a shadowy altar of Dithmenos.
  1609 | D:3      | Found a sparkling altar of Nemelex Xobeh.
  1617 | D:3      | Found a hide-covered altar of Uskayaw.
  1777 | D:3      | Found a glowing golden altar of the Shining One.
  1871 | D:4      | Reached XP level 5. HP: 50/50 MP: 4/4
  2213 | D:4      | Reached skill level 4 in Unarmed Combat
  2396 | D:5      | Entered Level 5 of the Dungeon
  2402 | D:5      | Found a shattered altar of Ashenzari.
  2425 | D:5      | Reached XP level 6. HP: 59/59 MP: 5/5
  2451 | D:5      | Found a white marble altar of Elyvilon.
  3047 | D:6      | Reached XP level 7. HP: 66/66 MP: 6/6
  3049 | D:6      | Reached skill level 1 in Stealth
  3083 | D:6      | Reached skill level 5 in Unarmed Combat
  3102 | D:6      | Found a stormy altar of Qazlal.
  3368 | D:6      | Found Fassa's Magic Scroll Shoppe.
  3373 | D:6      | Bought a scroll of identify for 24 gold pieces
  3373 | D:6      | Bought 2 scrolls of teleportation for 72 gold pieces
  3373 | D:6      | Bought a scroll of teleportation for 36 gold pieces
  3373 | D:6      | Bought a scroll of fear for 42 gold pieces
  3373 | D:6      | Bought a scroll of enchant armour for 90 gold pieces
  3689 | D:6      | Reached XP level 8. HP: 74/74 MP: 7/7
  3734 | D:6      | Reached skill level 6 in Unarmed Combat
  3918 | D:6      | Reached skill level 5 in Shields
  3923 | D:6      | Reached skill level 1 in Throwing
  4192 | D:7      | Reached skill level 7 in Unarmed Combat
  4413 | D:7      | Found a staircase to the Ecumenical Temple.
  4420 | Temple   | Entered the Ecumenical Temple
  4459 | Temple   | Became a worshipper of Warmaster Okawaru
  4601 | D:7      | Reached XP level 9. HP: 83/83 MP: 8/8
  5098 | D:7      | Reached skill level 8 in Unarmed Combat
  5196 | D:8      | Reached * piety under Okawaru
  5264 | D:8      | Reached skill level 5 in Dodging
  5290 | D:8      | HP: 4/83 [poisoned by a killer bee]
  5515 | D:8      | Reached skill level 9 in Unarmed Combat
  5627 | D:8      | Reached ** piety under Okawaru
  6067 | D:8      | Reached XP level 10. HP: 79/92 MP: 6/9
  6505 | D:9      | Noticed a two-headed ogre
  6515 | D:9      | Killed a two-headed ogre
  6515 | D:9      | Reached skill level 10 in Unarmed Combat
  6601 | D:9      | Found Vead's General Store.
  7139 | D:9      | Found a staircase to the Orcish Mines.
  7264 | D:10     | Entered Level 10 of the Dungeon
  7264 | D:10     | Noticed a two-headed ogre
  7270 | D:9      | Slain by a hippogriff

Levels and vault maps discovered:
D:1:      scummos_arrival_checkerplants, layout_loops_ring
D:2:      layout_basic
D:3:      layout_rooms, grunt_temple_overflow_cloverleaf, tso_altar,
          lightli_temple_of_fire, first_ration, nrook_mini_vaults
D:4:      layout_loops_ring, chequers_serial_rivers_micro_c
D:5:      layout_rooms, hangedman_feature_mirror
D:6:      layout_basic, serial_shops, shop_scrolls, grunt_qazlal_clouds
D:7:      minmay_evil_eye, layout_loops_ring, minmay_temple_entry_waves
D:8:      minmay_ornate_pinched, layout_basic
D:9:      layout_gridville, hiddenorc1_lemuel, serial_shops, shop
D:10:     minmay_gate_of_8, layout_loops_ring, uniq_maurice
Temple:   eino_temple_rhombus

Skill      XL: |  1  2  3  4  5  6  7  8  9 10 |
---------------+-------------------------------+-----
Dodging        | 3 4 5 |  5.8
Shields        | 3 4 5 7 |  7.8
Unarmed Combat | 3 4 5 7 9 10 | 10.3
Stealth        | 1 |  1.6
Fighting       | 3 4 |  4.0
Throwing       | 2 |  2.8
Invocations    | |  0.9

Action                   |  1- 3 |  4- 6 |  7- 9 | 10-12 || total
-------------------------+-------+-------+-------+-------++-------
Melee: Unarmed           |   101 |   177 |   327 |   130 ||   735
Throw: Boomerang         |       |       |    39 |     3 ||    42
       Javelin           |       |       |     7 |       ||     7
       Throwing net      |       |       |     1 |       ||     1
Invok: Heroism           |       |       |     4 |     9 ||    13
  Use: Scroll            |     5 |     2 |     8 |     3 ||    18
       Potion            |       |     1 |     4 |     1 ||     6
 Stab: Sleeping          |     3 |     4 |       |       ||     7
  Eat: Chunk             |    17 |    17 |    26 |    13 ||    73
Armor: Robe              |    31 |    37 |    64 |    15 ||   147
Dodge: Dodged            |    32 |    38 |    69 |    33 ||   172
Block: Shield            |    31 |    24 |       |       ||    55
       Large shield      |       |    90 |   286 |   128 ||   504
